Map: Mech Depot LE

Players

SamuraiFunn

  • Race: Protoss Protoss
  • Spawn Location: 1:00

A.I. 1 (Harder) - Winner!

  • Race: Zerg Zerg
  • Spawn Location: 7:00

VOD

Have the link to the VOD?

Description

Time

  • Played on: Oct. 28, 2017, 1:10 p.m.
  • Length: 15:32
Show
View Real Time Build Order
Export as new Build Order

SamuraiFunn Protoss 

Build Orders:  

Get SALT Encoding   

  12  0:01  Probe (Chrono Boost)  
  13  0:13  Probe (Chrono Boost)  
  14  0:18  Pylon  
  14  0:23  Probe (Chrono Boost)  
  15  0:37  Probe (Chrono Boost)  
  15  0:42  Gateway  
  16  0:46  Assimilator  
  16  0:47  Probe (Chrono Boost)  
  17  0:58  Probe (Chrono Boost)  
  18  1:07  Gateway  
  18  1:13  Probe (Chrono Boost)  
  19  1:25  Pylon  
  19  1:34  Cybernetics Core  
  19  1:39  Probe (Chrono Boost)  
  20  1:42  Assimilator  
  20  1:45  Zealot  
  22  1:50  Probe (Chrono Boost)  
  23  2:04  Zealot  
  26  2:08  Probe (Chrono Boost)  
  26  2:12  Zealot  
  28  2:19  Probe (Chrono Boost)  
  29  2:27  Twilight Council  
  29  2:31  Zealot  
  31  2:48  Pylon  
  31  2:58  Pylon  
  31  3:02  Gateway  
  31  3:06  Zealot x2  
  35  3:16  Gateway  
  35  3:19  Pylon  
  35  3:33  Adept x2  
  38  3:56  Charge  
  38  4:11  Nexus  
  38  4:24  Adept  
  38  4:25  Adept x2  
  38  4:29  Probe (Chrono Boost)  
  45  4:47  Probe (Chrono Boost)  
  45  4:51  Adept  
  48  4:57  Probe (Chrono Boost)  
  49  5:05  Forge  
  49  5:27  Adept x2  
  53  5:38  Protoss Shields Level 1  
  53  5:44  Twilight Council  
  53  5:52  Adept x2  
  57  6:17  Adept x2  
  61  6:27  Probe (Chrono Boost)  
  62  6:35  Assimilator  
  62  6:37  Assimilator  
  62  6:38  Probe (Chrono Boost)  
  63  6:41  Pylon  
  63  6:48  Probe (Chrono Boost)  
  63  6:51  Adept  
  63  6:52  Adept  
  68  6:59  Probe (Chrono Boost)  
  67  7:08  Zealot x2  
  67  7:09  Probe (Chrono Boost)  
  70  7:19  Zealot x2  
  74  7:23  Photon Cannon  
  74  7:25  Photon Cannon  
  69  7:32  Protoss Ground Weapons Level 1  
  41  7:53  Photon Cannon  
  41  7:54  Photon Cannon  
  41  7:56  Zealot x2  
  33  8:13  Zealot  
  33  8:15  Zealot  
  37  8:26  Photon Cannon  
  37  8:38  Photon Cannon  
  37  8:39  Photon Cannon  
  35  9:12  Nexus  
  35  9:48  Protoss Ground Armor Level 1  
  35  9:53  Zealot x4  
  43  10:20  Zealot  
  45  10:47  Adept x4  
  39  11:12  Photon Cannon  
  39  11:14  Stalker x3  
  39  11:15  Sentry  
  39  11:41  Pylon, Stalker  
  41  11:52  Nexus  
  41  11:57  Pylon  
  41  12:00  Pylon  
  41  12:02  Stalker x2  
  41  12:03  Stalker  
  47  12:10  Photon Cannon  
  47  12:17  Photon Cannon  
  47  12:28  Photon Cannon  
  47  12:52  Stalker x3  
  53  13:01  Photon Cannon  
  53  13:10  Probe (Chrono Boost)  
  54  13:20  Probe (Chrono Boost)  
  55  13:31  Probe (Chrono Boost)  
  56  13:40  Probe (Chrono Boost)  
  58  13:41  Probe (Chrono Boost)  
  58  13:50  Probe (Chrono Boost)  
  59  13:57  Stalker x4  
  59  14:01  Probe (Chrono Boost)  
  68  14:11  Probe (Chrono Boost)  
  69  14:21  Nexus  
  69  14:22  Probe (Chrono Boost)  
  70  14:30  Pylon  
  70  14:34  Pylon  
  70  14:36  Assimilator  
  70  14:39  Assimilator  
  71  15:02  Probe (Chrono Boost)  
  65  15:13  Probe (Chrono Boost)  
Show
View Real Time Build Order
Export as new Build Order

A.I. 1 (Harder) Zerg - Winner!

Build Orders: Pool First 

Get SALT Encoding   

  12  0:01  Drone  
  13  0:12  Overlord  
  13  0:17  Drone  
  14  0:30  Drone x2  
  16  0:42  Spawning Pool  
  15  0:45  Drone  
  15  0:49  Drone  
  17  0:52  Extractor  
  17  0:55  Drone  
  17  1:06  Overlord  
  17  1:30  Queen  
  17  1:31  Zergling x2  
  20  1:37  Roach Warren  
  20  1:38  Drone  
  20  1:40  Zergling x2  
  20  1:42  Extractor  
  20  1:49  Drone  
  21  1:59  Drone  
  22  2:12  Drone  
  23  2:21  Overlord  
  23  2:32  Drone  
  26  2:37  Roach  
  26  2:44  Overlord  
  26  2:46  Roach  
  28  2:55  Roach  
  30  3:05  Roach  
  32  3:09  Overlord  
  32  3:14  Roach  
  34  3:23  Roach  
  36  3:32  Roach  
  38  3:36  Overlord  
  38  3:42  Roach  
  40  3:51  Roach  
  42  3:55  Drone  
  42  3:59  Drone  
  42  4:00  Roach  
  46  4:07  Drone  
  47  4:13  Drone, Roach, Overlord  
  50  4:19  Drone  
  51  4:29  Drone  
  51  4:30  Baneling Nest  
  51  4:40  Drone, Evolution Chamber  
  51  4:44  Drone, Roach  
  54  4:53  Roach  
  56  5:03  Roach  
  58  5:24  Zergling x2  
  58  6:16  Lair, Overlord  
  58  6:17  Zerg Melee Weapons Level 1  
  58  6:21  Spore Crawler  
  58  6:25  Spore Crawler  
  56  6:26  Hatchery  
  56  6:27  Drone  
  56  6:31  Drone  
  57  6:43  Overlord  
  56  7:03  Spine Crawler  
  56  7:05  Drone  
  56  7:12  Spine Crawler  
  56  7:15  Burrow, Hydralisk Den  
  54  7:16  Drone  
  55  7:33  Infestation Pit  
  55  7:36  Zergling x2  
  54  7:37  Queen  
  54  7:39  Drone  
  54  7:41  Drone  
  54  7:42  Drone x2  
  54  7:43  Drone x4  
  54  7:44  Hydralisk  
  58  7:45  Overseer  
  58  7:51  Drone  
  59  7:52  Hydralisk  
  59  7:53  Drone  
  59  7:57  Drone  
  61  7:59  Drone  
  61  8:00  Hydralisk  
  61  8:03  Drone  
  63  8:07  Drone  
  63  8:10  Drone  
  63  8:11  Zerg Ground Armor Level 1  
  65  8:18  Drone  
  66  8:20  Drone  
  67  8:27  Hydralisk, Drone  
  67  8:32  Overseer  
  67  8:33  Spore Crawler  
  67  8:35  Hydralisk, Drone  
  67  8:36  Spore Crawler  
  67  8:37  Drone  
  62  8:43  Roach  
  62  8:45  Queen  
  62  8:51  Roach  
  62  8:59  Roach  
  62  9:02  Spine Crawler  
  63  9:03  Drone  
  63  9:06  Spine Crawler  
  63  9:07  Drone, Roach  
  66  9:10  Spine Crawler  
  66  9:11  Drone  
  66  9:14  Ravager  
  66  9:15  Roach  
  69  9:21  Spire  
  69  9:22  Hydralisk  
  70  9:24  Evolution Chamber  
  70  9:25  Drone  
  70  9:31  Roach, Ravager x2  
  74  9:39  Roach  
  76  9:50  Zerg Missile Weapons Level 1  
  76  9:51  Extractor  
  76  9:52  Drone  
  76  9:57  Extractor  
  76  9:58  Drone  
  76  10:13  Drone  
  77  10:19  Drone, Infestor, Overlord  
  80  10:24  Infestor  
  80  10:26  Pneumatized Carapace  
  82  10:29  Infestor  
  82  10:34  Hatchery, Infestor  
  85  10:41  Roach  
  87  10:43  Overlord  
  87  10:46  Roach  
  89  10:51  Roach  
  89  10:56  Roach  
  93  11:00  Zergling x2  
  90  11:05  Infestor  
  89  11:11  Overseer  
  89  11:15  Infestor  
  89  11:20  Roach  
  83  11:25  Roach  
  83  11:31  Roach  
  85  11:35  Infestor  
  88  11:47  Drone x3  
  88  11:48  Drone x4  
  88  11:49  Drone x5  
  88  11:50  Drone x4, Infestor, Overlord  
  88  11:51  Drone x3  
  108  11:55  Hydralisk  
  108  11:59  Extractor  
  108  12:00  Drone  
  110  12:03  Drone, Spore Crawler  
  110  12:04  Extractor  
  110  12:05  Drone, Spore Crawler  
  110  12:07  Drone  
  110  12:09  Overlord  
  110  12:10  Zerg Melee Weapons Level 2  
  110  12:30  Zerg Ground Armor Level 2  
  110  12:40  Spine Crawler  
  110  12:41  Drone  
  110  12:44  Spine Crawler  
  110  12:45  Drone  
  110  12:48  Queen  
  110  12:50  Pathogen Glands  
  112  12:55  Glial Reconstitution  
  112  13:02  Zerg Flyer Weapons Level 1  
  112  13:05  Hatchery  
  112  13:07  Drone  
  112  13:24  Hive  
  112  14:16  Zergling x6, Overlord, Mutalisk x3  
  117  14:17  Zergling x4  
  117  14:18  Zergling x8  
  117  14:19  Zergling x6  
  117  14:21  Mutalisk  
  132  14:29  Mutalisk  
  132  14:30  Zergling x2, Extractor  
  134  14:33  Zergling x2, Extractor, Baneling  
  134  14:34  Baneling x4, Overlord, Zergling x2  
  134  14:35  Zergling x2  
  134  14:37  Mutalisk  
  138  14:38  Baneling  
  138  14:39  Zergling x4, Baneling x4  
  138  14:40  Zergling x2  
  138  14:43  Ultralisk Cavern  
  138  14:44  Mutalisk  
  142  14:55  Drone, Overlord  
  142  14:57  Mutalisk  
  142  14:58  Drone  
  142  14:59  Zergling x2  
  144  15:02  Drone  
  144  15:03  Mutalisk  
  133  15:27  Spore Crawler  
  135  15:29  Spore Crawler  
Tags
 
Matchup
PvZ
Opening
Pool First
Replay Pack
First 100 games
Spawn Locations
Cross Positions
Add a new tag
Caveats
  • Supply blocks, unpowered buildings, or Contaminate may cause inaccurate times.
  • Supply counts are checked every 10 seconds.